TOP OF THE 1ST |
Rappahannock Partisans batting - Pitching for Hialeah Dodos : RHP Thomas Owens
|
Pitching: RHP Thomas Owens
|
|
Batting: RHB Bill Taylor
|
0-0: Swinging Strike 0-1: Swinging Strike 0-2: Ball 1-2: Ball 2-2: Strikes out swinging
|
Batting: LHB Alfonso López
|
0-0: Ball 1-0: Ground out 4-3 (Groundball, 4)
|
Batting: RHB Eduardo Manuel
|
0-0: Called Strike 0-1: Ball 1-1: Fly out, F5 (Popup, 56S)
|
Top of the 1st over - 0 run(s), 0 hit(s), 0 error(s), 0 left on base; Rappahannock 0 - Hialeah 0 |
BOTTOM OF THE 1ST |
Hialeah Dodos batting - Pitching for Rappahannock Partisans : RHP Aubrey Ferguson
|
Pitching: RHP Aubrey Ferguson
|
|
Batting: RHB Herman Cook
|
0-0: Ball 1-0: Ball 2-0: Called Strike 2-1: Reached on error, E5 (Groundball, 56)
|
Batting: RHB Reece White
|
0-0: Ball 1-0: Ball 2-0: Foul Ball, location: 2F 2-1: DOUBLE (Flyball, 78M) Herman Cook scores
|
Batting: LHB Bill Griffin
|
0-0: Fly out, F8 (Flyball, 8RXD) Runner from 2nd tags up, SAFE at 3rd, no throw
|
Batting: RHB Joe Andrews
|
0-0: Called Strike 0-1: Swinging Strike 0-2: Foul Ball, location: 2F 0-2: Ball 1-2: Ball 2-2: Ball 3-2: SINGLE (Line Drive, 4D) Reece White scores
|
Batting: RHB Kelly Flint
|
0-0: Ball 1-0: Foul Ball, location: 2F 1-1: Swinging Strike 1-2: Ball 2-2: Strikes out swinging
|
Batting: RHB Mitch Jensen
|
0-0: Called Strike 0-1: Ball 1-1: Ball 2-1: Foul Ball, location: 2F 2-2: Ball 3-2: Base on Balls Joe Andrews to second
|
Batting: RHB Jim Unknown
|
0-0: Ball 1-0: Ball 2-0: Ball 3-0: Called Strike 3-1: Foul Ball, location: 2F 3-2: DOUBLE (Line Drive, 5D) Joe Andrews scores Mitch Jensen to third Mitch Jensen scores
|
Batting: RHB Ji-chol Yang
|
0-0: Called Strike 0-1: Called Strike 0-2: Strikes out looking
|
Bottom of the 1st over - 4 run(s), 3 hit(s), 1 error(s), 1 left on base; Rappahannock 0 - Hialeah 4 |
TOP OF THE 2ND |
Rappahannock Partisans batting - Pitching for Hialeah Dodos : RHP Thomas Owens
|
Batting: RHB José Mata
|
0-0: Ball 1-0: Swinging Strike 1-1: Foul Ball, location: 2F 1-2: Foul Ball, location: 2F 1-2: Strikes out swinging
|
Batting: RHB Matt Sheppard
|
0-0: Called Strike 0-1: Ball 1-1: Ball 2-1: Ball 3-1: Fly out, F1 (Popup, 15S)
|
Batting: RHB Colby Turner
|
0-0: Called Strike 0-1: Ball 1-1: Ball 2-1: Ball 3-1: SINGLE (Line Drive, 9LS)
|
Batting: LHB Marvin von Seydlitz
|
0-0: Ball 1-0: Ball 2-0: Called Strike 2-1: Ball 3-1: Foul Ball, location: 2F 3-2: DOUBLE (Flyball, 78M) Colby Turner to third Colby Turner scores
|
Batting: LHB Miguel Mendoza
|
0-0: Ball 1-0: Ball 2-0: Ball 3-0: Called Strike 3-1: Called Strike 3-2: Strikes out looking
|
Top of the 2nd over - 1 run(s), 2 hit(s), 0 error(s), 1 left on base; Rappahannock 1 - Hialeah 4 |
BOTTOM OF THE 2ND |
Hialeah Dodos batting - Pitching for Rappahannock Partisans : RHP Aubrey Ferguson
|
Batting: LHB José Alvia
|
0-0: Called Strike 0-1: Called Strike 0-2: Ball 1-2: Ball 2-2: Strikes out swinging
|
Batting: RHB Herman Cook
|
0-0: Ball 1-0: Ball 2-0: Ball 3-0: Base on Balls
|
Pitching: RHP Gilberto Ibarra
|
|
Batting: RHB Reece White
|
0-0: Called Strike 0-1: Swinging Strike 0-2: Strikes out swinging
|
Batting: LHB Bill Griffin
|
0-0: SINGLE (Groundball, 34) Herman Cook to second Runner from 2nd tries for 3rd, OUT!
|
Bottom of the 2nd over - 0 run(s), 1 hit(s), 0 error(s), 1 left on base; Rappahannock 1 - Hialeah 4 |
TOP OF THE 3RD |
Rappahannock Partisans batting - Pitching for Hialeah Dodos : RHP Thomas Owens
|
Batting: RHB Ángel Ruezga
|
0-0: Ball 1-0: Swinging Strike 1-1: SINGLE (Groundball, 6MD)
|
Batting: RHB Bill Taylor
|
0-0: Ball 1-0: SINGLE (Line Drive, 6M) Ángel Ruezga to second Runner from 2nd tries for 3rd, SAFE, throw made to third
|
Batting: LHB Alfonso López
|
0-0: Ball 1-0: Ball 2-0: DOUBLE (Line Drive, 5D) Ángel Ruezga scores Bill Taylor to third Runner from 3rd tries for Home, SAFE, no throw or cutoff
|
Batting: RHB Eduardo Manuel
|
0-0: Ball 1-0: Called Strike 1-1: Swinging Strike 1-2: Foul Ball, location: 2F 1-2: Ball 2-2: Ball 3-2: Ground out 4-3 (Groundball, 4) Alfonso López to third
|
Batting: RHB José Mata
|
0-0: Ball 1-0: Ball 2-0: Called Strike 2-1: Foul Ball, location: 2F 2-2: Ball 3-2: Strikes out swinging
|
Batting: RHB Matt Sheppard
|
0-0: Called Strike 0-1: Swinging Strike 0-2: Foul Ball, location: 2F 0-2: Foul Ball, location: 2F 0-2: Foul Ball, location: 2F 0-2: Strikes out swinging
|
Top of the 3rd over - 2 run(s), 3 hit(s), 0 error(s), 1 left on base; Rappahannock 3 - Hialeah 4 |
BOTTOM OF THE 3RD |
Hialeah Dodos batting - Pitching for Rappahannock Partisans : RHP Gilberto Ibarra
|
Batting: RHB Joe Andrews
|
0-0: Ball 1-0: SINGLE (Groundball, 56D)
|
Batting: RHB Kelly Flint
|
0-0: Foul Ball, location: 2F 0-1: Ball 1-1: Ground out 6-3 (Groundball, 4M) Joe Andrews to second
|
Batting: RHB Mitch Jensen
|
0-0: Ball 1-0: Called Strike 1-1: Ball 2-1: SINGLE (Line Drive, 78S) Joe Andrews to third Runner from 3rd tries for Home, SAFE, throw made home Mitch Jensen to second
|
Batting: RHB Jim Unknown
|
0-0: Called Strike 0-1: Ball 1-1: Called Strike 1-2: Foul Ball, location: 2F 1-2: Strikes out swinging
|
Batting: RHB Ji-chol Yang
|
0-0: Ball 1-0: Called Strike 1-1: Ball 2-1: Ball 3-1: Foul Ball, location: 2F 3-2: Base on Balls
|
Batting: LHB José Alvia
|
0-0: Ball 1-0: Foul Ball, location: 2F 1-1: Ball 2-1: Ball 3-1: Base on Balls Mitch Jensen to third Ji-chol Yang to second
|
Batting: RHB Herman Cook
|
0-0: Ball 1-0: Called Strike 1-1: SINGLE (Groundball, 56D) Mitch Jensen scores Ji-chol Yang to third José Alvia to second Runner from 3rd tries for Home, SAFE, no throw or cutoff
|
Pitching: RHP Jon Shankle
|
|
Batting: RHB Reece White
|
0-0: Called Strike 0-1: Ball 1-1: Foul Ball, location: 2F 1-2: Foul Ball, location: 2F 1-2: Foul Ball, location: 2F 1-2: Foul Ball, location: 2F 1-2: Ball 2-2: Ball 3-2: Fly out, F9 (Flyball, 89M)
|
Bottom of the 3rd over - 3 run(s), 3 hit(s), 0 error(s), 2 left on base; Rappahannock 3 - Hialeah 7 |
TOP OF THE 4TH |
Rappahannock Partisans batting - Pitching for Hialeah Dodos : RHP Thomas Owens
|
Batting: RHB Colby Turner
|
0-0: Ball 1-0: Ball 2-0: Swinging Strike 2-1: Foul Ball, location: 2F 2-2: Ball 3-2: SINGLE (Line Drive, 89S)
|
Batting: LHB Marvin von Seydlitz
|
0-0: Fly out, F3 (Line Drive, 3) 0-0: Lined into DP, U3 (Line Drive, 3)
|
Batting: LHB Miguel Mendoza
|
0-0: Ball 1-0: Ball 2-0: Foul Ball, location: 2F 2-1: SINGLE (Line Drive, 9S)
|
Batting: RHB Ángel Ruezga
|
0-0: Swinging Strike 0-1: Foul Ball, location: 2F 0-2: Foul Ball, location: 2F 0-2: Ball 1-2: Ball 2-2: Foul Ball, location: 2F 2-2: Foul Ball, location: 2F 2-2: Fly out, F9 (Flyball, 9M)
|
Top of the 4th over - 0 run(s), 2 hit(s), 0 error(s), 1 left on base; Rappahannock 3 - Hialeah 7 |
BOTTOM OF THE 4TH |
Hialeah Dodos batting - Pitching for Rappahannock Partisans : RHP Jon Shankle
|
Batting: LHB Bill Griffin
|
0-0: SINGLE (Groundball, 34D)
|
Batting: RHB Joe Andrews
|
0-0: Called Strike 0-1: Foul Ball, location: 2F 0-2: Ball 1-2: Ball 2-2: Ball 3-2: Base on Balls Bill Griffin to second
|
Batting: RHB Kelly Flint
|
0-0: Ball 1-0: Ball 2-0: Grounds into double play, 5-4-3 (Groundball, 56) Bill Griffin to third
|
Batting: RHB Mitch Jensen
|
0-0: SINGLE (Line Drive, 5L) Bill Griffin scores
|
Batting: RHB Jim Unknown
|
0-0: Ball 1-0: Ball 2-0: Ground out 5-3 (Groundball, 5S)
|
Bottom of the 4th over - 1 run(s), 2 hit(s), 0 error(s), 1 left on base; Rappahannock 3 - Hialeah 8 |
TOP OF THE 5TH |
Rappahannock Partisans batting - Pitching for Hialeah Dodos : RHP Thomas Owens
|
Batting: RHB Bill Taylor
|
0-0: DOUBLE (Flyball, 89D)
|
Batting: LHB Alfonso López
|
0-0: Ball 1-0: Ball 2-0: Ball 3-0: Base on Balls
|
Batting: RHB Eduardo Manuel
|
0-0: Called Strike 0-1: Swinging Strike 0-2: Strikes out swinging
|
Batting: RHB José Mata
|
0-0: Called Strike 0-1: Swinging Strike 0-2: Ball 1-2: Strikes out swinging
|
Batting: RHB Matt Sheppard
|
0-0: Foul Ball, location: 2F 0-1: Ball 1-1: Foul Ball, location: 2F 1-2: Fielders Choice at 2nd, 6-4 (Groundball, 6)
|
Top of the 5th over - 0 run(s), 1 hit(s), 0 error(s), 1 left on base; Rappahannock 3 - Hialeah 8 |
BOTTOM OF THE 5TH |
Hialeah Dodos batting - Pitching for Rappahannock Partisans : RHP Jon Shankle
|
Batting: RHB Ji-chol Yang
|
0-0: Ball 1-0: Swinging Strike 1-1: SINGLE (Line Drive, 4MD)
|
Batting: LHB José Alvia
|
0-0: Ball 1-0: Called Strike 1-1: Ball 2-1: 2-RUN HOME RUN (Flyball, 89XD), Distance : 419 ft
|
Pitching: RHP Lindsay Turner
|
|
Batting: RHB Herman Cook
|
0-0: Swinging Strike 0-1: Ball 1-1: Swinging Strike 1-2: Ball 2-2: Strikes out swinging
|
Batting: RHB Reece White
|
0-0: Called Strike 0-1: Ball 1-1: Ball 2-1: Swinging Strike 2-2: Ground out 3-1 (Groundball, 34)
|
Batting: LHB Bill Griffin
|
0-0: Called Strike 0-1: Ball 1-1: Swinging Strike 1-2: Fly out, F8 (Flyball, 8LM)
|
Bottom of the 5th over - 2 run(s), 2 hit(s), 0 error(s), 0 left on base; Rappahannock 3 - Hialeah 10 |
TOP OF THE 6TH |
Rappahannock Partisans batting - Pitching for Hialeah Dodos : RHP Thomas Owens
|
Batting: RHB Colby Turner
|
0-0: SINGLE (Line Drive, 8RS)
|
Batting: LHB Marvin von Seydlitz
|
0-0: Called Strike 0-1: Ball 1-1: Ball 2-1: Called Strike 2-2: Fly out, F9 (Popup, 89S)
|
Batting: LHB Miguel Mendoza
|
0-0: SINGLE (Groundball, 4MD) Colby Turner to second
|
Batting: RHB Ángel Ruezga
|
0-0: Ball 1-0: Foul Ball, location: 2F 1-1: Swinging Strike 1-2: Ball 2-2: Ball 3-2: Ground out 5-3 (Groundball, 15S) Colby Turner to third Miguel Mendoza to second
|
Batting: RHB Bill Taylor
|
0-0: Ball 1-0: Fly out, F9 (Flyball, 89M)
|
Top of the 6th over - 0 run(s), 2 hit(s), 0 error(s), 2 left on base; Rappahannock 3 - Hialeah 10 |
BOTTOM OF THE 6TH |
Hialeah Dodos batting - Pitching for Rappahannock Partisans : RHP Lindsay Turner
|
Batting: RHB Joe Andrews
|
0-0: Called Strike 0-1: Fly out, F9 (Flyball, 89S)
|
Batting: RHB Kelly Flint
|
0-0: DOUBLE (Flyball, 7LD)
|
Batting: RHB Mitch Jensen
|
0-0: Ball 1-0: Ball 2-0: Ball 3-0: Base on Balls
|
Batting: RHB Jim Unknown
|
0-0: Foul Ball, location: 2F 0-1: Ball 1-1: Ball 2-1: Ball 3-1: Base on Balls Kelly Flint to third Mitch Jensen to second
|
Batting: RHB Ji-chol Yang
|
0-0: Ball 1-0: Swinging Strike 1-1: Ball 2-1: Ball 3-1: Fly out, F7 (Flyball, 7M) Runner from 3rd tags up, SCORES, throw made
|
Pitching: RHP Jim Unknown
|
|
Batting: LHB José Alvia
|
0-0: Called Strike 0-1: Ball 1-1: Foul Ball, location: 2F 1-2: Strikes out swinging
|
Bottom of the 6th over - 1 run(s), 1 hit(s), 0 error(s), 2 left on base; Rappahannock 3 - Hialeah 11 |
TOP OF THE 7TH |
Rappahannock Partisans batting - Pitching for Hialeah Dodos : RHP Thomas Owens
|
Batting: LHB Alfonso López
|
0-0: Ball 1-0: Called Strike 1-1: DOUBLE (Line Drive, 7LS)
|
Pitching: RHP Carlos Martínez
|
|
Batting: RHB Eduardo Manuel
|
0-0: Ball 1-0: Ball 2-0: Called Strike 2-1: Reached on error, E4 (Groundball, 4) Alfonso López to third
|
Batting: RHB José Mata
|
0-0: 3-RUN HOME RUN (Flyball, 8LXD), Distance : 440 ft
|
Pitching: RHP Claudio Cruz
|
|
Batting: RHB Matt Sheppard
|
0-0: Ground out 5-3 (Groundball, 5)
|
Batting: RHB Colby Turner
|
0-0: Ball 1-0: Foul Ball, location: 2F 1-1: Ball 2-1: Foul Ball, location: 2F 2-2: Foul Ball, location: 2F 2-2: Foul Ball, location: 2F 2-2: Strikes out looking
|
Batting: LHB Marvin von Seydlitz
|
0-0: Called Strike 0-1: Swinging Strike 0-2: Ball 1-2: Strikes out swinging
|
Top of the 7th over - 3 run(s), 2 hit(s), 1 error(s), 0 left on base; Rappahannock 6 - Hialeah 11 |
BOTTOM OF THE 7TH |
Hialeah Dodos batting - Pitching for Rappahannock Partisans : RHP Jim Unknown
|
Batting: RHB Herman Cook
|
0-0: Ball 1-0: Called Strike 1-1: Foul Ball, location: 2F 1-2: Strikes out swinging
|
Batting: RHB Reece White
|
0-0: Fly out, F6 (Popup, 6M)
|
Batting: LHB Bill Griffin
|
0-0: Foul Ball, location: 2F 0-1: Ball 1-1: Ball 2-1: Ball 3-1: Base on Balls
|
Batting: RHB Joe Andrews
|
0-0: Ball 1-0: Ball 2-0: Ball 3-0: Called Strike 3-1: Called Strike 3-2: Foul Ball, location: 2F 3-2: Fly out, F8 (Flyball, 8RD)
|
Bottom of the 7th over - 0 run(s), 0 hit(s), 0 error(s), 1 left on base; Rappahannock 6 - Hialeah 11 |
TOP OF THE 8TH |
Rappahannock Partisans batting - Pitching for Hialeah Dodos : RHP Claudio Cruz
|
Batting: LHB Miguel Mendoza
|
0-0: Ball 1-0: Swinging Strike 1-1: Ball 2-1: Swinging Strike 2-2: Strikes out swinging
|
Batting: RHB Ángel Ruezga
|
0-0: Ball 1-0: Called Strike 1-1: Fly out, F7 (Popup, 7LS)
|
Batting: RHB Bill Taylor
|
0-0: Ball 1-0: Swinging Strike 1-1: Ground out 1-3 (Groundball, 15S)
|
Top of the 8th over - 0 run(s), 0 hit(s), 0 error(s), 0 left on base; Rappahannock 6 - Hialeah 11 |
BOTTOM OF THE 8TH |
Hialeah Dodos batting - Pitching for Rappahannock Partisans : RHP Jim Unknown
|
Batting: RHB Kelly Flint
|
0-0: Called Strike 0-1: SINGLE (Groundball, 6D)
|
Batting: RHB Mitch Jensen
|
0-0: Called Strike 0-1: Swinging Strike 0-2: Ball 1-2: Strikes out looking
|
Batting: RHB Jim Unknown
|
0-0: Called Strike 0-1: Fly out, F4 (Popup, 34)
|
Batting: RHB Ji-chol Yang
|
0-0: Called Strike 0-1: Ball 1-1: Ball 2-1: Ball 3-1: SINGLE (Line Drive, 5) Kelly Flint to second
|
Batting: LHB José Alvia
|
0-0: Ball Wild Pitch! Kelly Flint to third Ji-chol Yang to second 1-0: Called Strike 1-1: Ball 2-1: Fly out, F8 (Flyball, 89M)
|
Bottom of the 8th over - 0 run(s), 2 hit(s), 0 error(s), 2 left on base; Rappahannock 6 - Hialeah 11 |
TOP OF THE 9TH |
Rappahannock Partisans batting - Pitching for Hialeah Dodos : RHP Claudio Cruz
|
Pitching: RHP Martin Benthall
|
|
Batting: LHB Alfonso López
|
0-0: Bunt missed! 0-1: Foul Ball, location: 2F 0-2: Foul Ball, location: 2F 0-2: SINGLE (Line Drive, 6MD)
|
Batting: RHB Eduardo Manuel
|
0-0: Ball 1-0: Swinging Strike 1-1: Foul Ball, location: 2F 1-2: Strikes out looking
|
Batting: RHB José Mata
|
0-0: Grounds into double play, 6-4-3 (Groundball, 6)
|
Top of the 9th over - 0 run(s), 1 hit(s), 0 error(s), 0 left on base; Rappahannock 6 - Hialeah 11 |
|